 Dungeon Crawl Stone Soup version 0.30.1-9-gdf580d7c3d (webtiles) character file.

Game seed: 7888340168600644834

539 TRUEvector the Covered (level 7, -7/54 HPs)
             Began as a Human Fighter on Sept 29, 2023.
             Splashed by a jelly's acid (9 damage)
             ... on level 5 of the Dungeon.
             The game lasted 00:44:31 (4437 turns).

TRUEvector the Covered (Human Fighter)              Turns: 4437, Time: 00:44:32

Health: -7/54      AC: -6    Str: 18 (19) XL:     7   Next: 51%
Magic:  7/7        EV: 11    Int:  7 (8)  God:
Gold:   312        SH:  5    Dex: 16 (18) Spells: 6/6 levels left

rFire   + . .        A - +0 hand axe of Ignis's Approval {holy, rF+ rC+ Will+}
rCold   + + +        c - +0 buckler
rNeg    . . .        v - +1 ring mail of the Great Game {rC++}
rPois   +            r - +0 helmet
rElec   .            t - +0 cloak
rCorr   .            (no gloves)
SInv    .            (no boots)
Will    +....        (no amulet)
Stlth   +            p - ring of poison resistance
HPRegen 0.29/turn    i - +6 ring of dexterity
MPRegen 0.10/turn

%: no passive effects
@: corroded
A: no striking features
a: no special abilities


You were on level 5 of the Dungeon.
You visited 1 branch of the dungeon, and saw 5 of its levels.

You collected 312 gold pieces.

Inventory:

Hand Weapons
 A - the +0 hand axe of Ignis's Approval (weapon) {holy, rF+ rC+ Will+}
   (You found it on level 4 of the Dungeon)

   rF:        It protects you from fire.
   rC:        It protects you from cold.
   Will:      It increases your willpower.
Missiles
 a - 2 silver boomerangs (quivered)
 u - 4 poisoned darts
Armour
 c - a +0 buckler (worn)
 k - an orb of mayhem
 r - a +0 helmet (worn)
 t - a +0 cloak (worn)
 v - the +1 ring mail of the Great Game (worn) {rC++}
   (You found it on level 2 of the Dungeon)

   rC:        It greatly protects you from cold.
Jewellery
 i - a +6 ring of dexterity (right hand)
 p - a ring of poison resistance (left hand)
Scrolls
 d - a scroll of enchant armour
 g - 7 scrolls of teleportation
 j - a scroll of immolation
 l - a scroll of silence {unknown}
 o - a scroll of enchant weapon {unknown}
 s - a scroll of magic mapping {unknown}
 w - a scroll of acquirement {unknown}
 x - a scroll of blinking {unknown}
 y - a scroll of amnesia {unknown}
 z - a scroll of noise {unknown}
Potions
 b - 2 potions of magic
 e - 4 potions of flight


   Skills:
 - Level 4.0 Fighting
 - Level 2.0 Long Blades
 - Level 4.0 Throwing
 - Level 5.0 Armour
 - Level 2.0 Dodging
 + Level 4.2 Shields


You had 6 spell levels left.
You didn't know any spells.
Your spell library contained the following spells:

 Spells                   Type           Power      Damage    Failure   Level
 Lesser Beckoning         Tloc           0%         N/A       83%         2
 Dazzling Flash           Conj/Hex       0%         N/A       96%         3
 Gell's Gravitas          Tloc           0%         N/A       96%         3
 Hailstorm                Conj/Ice       0%         3d3       96%         3
 Teleport Other           Tloc           0%         N/A       96%         3
 Ice Form                 Ice/Tmut       0%         N/A       100%        4
 Agony                    Necr           0%         N/A       100%        5
 Silence                  Hex/Air        0%         N/A       100%        5
 Simulacrum               Ice/Necr       0%         N/A       100%        6


Dungeon Overview and Level Annotations

Branches:
Dungeon (5/15)
 Temple: D:4-7

Altars:
Hepliaklqana

Shops:
D:1 (

Annotations:
D:3 2 transporters, 1 runed translucent door, samai96's ghost, amateur MiFi
D:4 Pikel


Message History

The orc is severely wounded.
You block the orc's attack.
An orc comes into view. It is wielding a +0 quarterstaff.
You hit the orc.
You kill the orc!
You block the jelly's attack.
Items here: $ ) [ †.
The jelly jiggles.
The jelly attacks as you move away! The jelly misses you.
You hit the jelly. The acid corrodes you!
Your hands burn!
The jelly is lightly wounded.
The jelly hits you but does no damage.
You slash the jelly! The acid corrodes you!
Your hands burn!
The jelly is heavily wounded.
The jelly closely misses you.
You completely miss the jelly.
The jelly is heavily wounded.
The jelly hits you. The acid corrodes you!
You are splashed with acid!
You block the jelly's attack.
You hit the jelly but do no damage.
Your hands burn!
The jelly is heavily wounded.
The jelly barely misses you.
You hit the jelly but do no damage.
Your hands burn!
The jelly is heavily wounded.
The jelly completely misses you.
You hit the jelly.
Your hands burn!
* * * LOW HITPOINT WARNING * * *
The jelly is heavily wounded.
You block the jelly's attack.
You hit the jelly. The acid corrodes you!
Your hands burn!
* * * LOW HITPOINT WARNING * * *
The jelly is severely wounded.
The jelly closely misses you. The jelly hits you.
* * * LOW HITPOINT WARNING * * *
The acid corrodes you!
You are splashed with acid!
* * * LOW HITPOINT WARNING * * *
The jelly attacks as you move away! The jelly hits you.
* * * LOW HITPOINT WARNING * * *
You are splashed with acid!
You die...

##.....###.#
#..)>.# #.#
##.....# #..
##....).#
#.....).##
#........#
###..#+#.# #..#
#.######## ###.
#...@J.o.#
###.######.# ..#
#..######.# ..'
#........o# ...#
#........)# ....#
####...###.##....#
#.................
#######.....######
####.....#


You could see a jelly and an orc.

Vanquished Creatures
  Eustachio (D:5)
  A black bear (D:4)
  2 howler monkeys
  An iguana (D:4)
  An orc wizard (D:5)
  Robin (D:1)
  4 gnolls
  5 adders
  2 dart slugs
  5 orcs
  4 bats
  5 endoplasms
  5 giant cockroaches
  10 hobgoblins
  3 jackals (D:4)
  3 kobolds
  3 quokkas
  9 ball pythons
  6 frilled lizards
  16 goblins
  3 rats
90 creatures vanquished.

Notes
Turn   | Place    | Note
-------+----------+-------------------------------------------
     0 | D:1      | TRUEvector the Human Fighter began the quest for the Orb.
     0 | D:1      | Reached XP level 1. HP: 18/18 MP: 1/1
   178 | D:1      | Reached XP level 2. HP: 23/24 MP: 2/2
   498 | D:1      | Found Memeh's Weapon Emporium.
   749 | D:1      | Reached XP level 3. HP: 30/30 MP: 3/3
  1093 | D:2      | Reached skill level 1 in Dodging
  1283 | D:2      | Noticed Robin
  1293 | D:1      | Reached XP level 4. HP: 36/37 MP: 4/4
  1460 | D:1      | Killed Robin
  1713 | D:2      | Identified the +1 ring mail of the Great Game {rC++}
  1930 | D:3      | Found a transporter.
  2084 | D:3      | Found a transporter.
  2142 | D:3      | Reached XP level 5. HP: 39/42 MP: 5/5
  2143 | D:3      | Reached skill level 4 in Armour
  2411 | D:3      | Found a runed translucent door.
  2411 | D:3      | Noticed samai96's ghost (amateur MiFi)
  2778 | D:4      | Found a hazy altar of Hepliaklqana.
  2938 | D:4      | Noticed Pikel
  2938 | D:4      | Noticed a lemure
  2938 | D:4      | Noticed a lemure
  2938 | D:4      | Noticed a lemure
  2938 | D:4      | Noticed a lemure
  3181 | D:4      | Reached skill level 5 in Armour
  3181 | D:4      | Reached skill level 1 in Throwing
  3181 | D:4      | Reached XP level 6. HP: 44/48 MP: 6/6
  3254 | D:4      | Identified the +0 hand axe of Ignis's Approval {holy, rF+
                  | rC+ Will+}
  3304 | D:4      | Noticed a black bear
  3327 | D:4      | Killed a black bear
  3519 | D:5      | Entered Level 5 of the Dungeon
  3542 | D:5      | Noticed Eustachio
  3966 | D:4      | Reached XP level 7. HP: 54/54 MP: 7/7
  4239 | D:5      | Killed Eustachio
  4437 | D:5      | HP: 2/54 [jelly (2)]
  4437 | D:5      | Splashed by a jelly's acid

Illustrated notes

Levels and vault maps discovered:
D:1:      wheals_arrival_linesprint, layout_loops_corners, serial_shops, shop
D:2:      layout_rooms, minmay_splitting_lines, uniq_robin
D:3:      gammafunk_steamed_eel, layout_rooms, gammafunk_ghost_grave
D:4:      layout_gridville, nicolae_hepliaklqana_hippocampus,
          kennysheep_generic_room_2, uniq_pikel
D:5:      layout_basic, mainiacjoe_overflow_big_doors,
          mainiacjoe_overflow_paths, eat_drink_and_be_merry_uskayaw,
          nzn_wu_jian_council_hall, supply_closet_lemuel,
          grunt_decor_resistance, uniq_eustachio

Skill      XL: |  1  2  3  4  5  6  7 |
---------------+----------------------+-----
Fighting       | 4 |  4.0
Dodging        | 2 |  2.0
Armour         | 5 |  5.0
Throwing       | 1 3 4 |  4.0
Shields        | 4 |  4.2
Long Blades    | |  2.0

Action                     |  1- 3 |  4- 6 |  7- 9 || total
---------------------------+-------+-------+-------++-------
  Melee: Long sword        |    89 |   174 |       ||   263
         Hand axe          |       |    82 |   123 ||   205
  Throw: Dart              |       |     9 |       ||     9
    Use: Scroll            |       |     7 |       ||     7
         Potion            |       |     3 |     5 ||     8
 Armour: Scale mail        |    49 |    46 |       ||    95
         Ring mail         |       |   119 |    62 ||   181
  Dodge: Dodged            |    42 |   220 |    83 ||   345
  Block: Buckler           |    25 |    96 |    40 ||   161
